 Dungeon Crawl Stone Soup version 0.28-a0-802-g09f76e8c00 (webtiles) character file.

Game seed: 16921169394586030777

38082 vurker the Zephyrmancer (level 13, -4/113 HPs)
             Began as a Demigod Air Elementalist on Nov 6, 2021.
             Slain by a blink frog (7 damage)
             ... on level 5 of the Lair of Beasts.
             The game lasted 00:26:20 (25187 turns).

vurker the Zephyrmancer (Demigod Air Elementalist) Turns: 25187, Time: 00:26:20

Health: -4/113     AC:  8    Str:  9    XL:     13   Next: 29%
Magic:  29/43      EV: 12    Int: 35    God:
Gold:   949        SH:  0    Dex: 20    Spells: 32/37 levels left

rFire   + . .      SeeInvis .   r - staff of air
rCold   + . .      Faith    .   (no shield)
rNeg    . . .      Spirit   .   B - +2 robe "Festriecem" {rCorr Stlth+}
rPois   .          Reflect  .   E - +1 hat
rElec   +          Harm     .   m - +0 cloak
rCorr   +          Rampage  .   p - +0 pair of gloves "Wedaergh" {rElec rC+ MP+9}
Will    +....                   a - +0 pair of boots
Stlth   +++.......              J - amulet of magic regeneration
HPRegen 0.28/turn               w - ring "Kuucaawn" {rF+ Int+2 Dex+6}
MPRegen 0.53/turn               (no ring)

@: no status effects
A: high mp 1, forlorn
a: no special abilities


You were on level 5 of the Lair of Beasts.
You visited 2 branches of the dungeon, and saw 16 of its levels.

You collected 949 gold pieces.

Inventory:

Missiles
 o - a throwing net
Armour
 a - a +0 pair of boots (worn)
   (You found it on level 11 of the Dungeon)
 m - a +0 cloak (worn)
   (You found it on level 3 of the Dungeon)
 p - the +0 pair of gloves "Wedaergh" (worn) {rElec rC+ MP+9}
   (You acquired it on level 9 of the Dungeon)

   rC:        It protects you from cold.
   rElec:     It insulates you from electricity.
   MP:        It affects your magic capacity (+9).
 B - the +2 robe "Festriecem" (worn) {rCorr Stlth+}
   (You found it on level 11 of the Dungeon)

   rCorr:     It protects you from acid and corrosion.
   Stlth:     It makes you more stealthy.
 E - a +1 hat (worn)
   (You found it on level 1 of the Lair of Beasts)
Magical Staves
 l - a staff of poison
   (You found it on level 2 of the Dungeon)
 r - a staff of air (weapon)
   (You found it on level 4 of the Lair of Beasts)
 z - a staff of fire
   (You took it off an orc wizard on level 10 of the Dungeon)
Jewellery
 w - the ring "Kuucaawn" (left hand) {rF+ Int+2 Dex+6}
   (You found it on level 10 of the Dungeon)

   [ring of dexterity]

   Int:       It affects your intelligence (+2).
   Dex:       It affects your dexterity (+6).
   rF:        It protects you from fire.
 J - an amulet of magic regeneration (around neck)
   (You found it on level 4 of the Lair of Beasts)
Wands
 d - a wand of iceblast (5)
   (You found it on level 8 of the Dungeon)
 f - a wand of mindburst (10)
   (You found it on level 8 of the Dungeon)
 j - a wand of polymorph (19)
   (You took it off Natasha on level 2 of the Dungeon)
 n - a wand of charming (14)
   (You found it on level 3 of the Dungeon)
 t - a wand of flame (34)
   (You found it on level 7 of the Dungeon)
 v - a wand of digging (4)
   (You found it on level 4 of the Lair of Beasts)
 x - a wand of acid (3)
   (You took it off an orc wizard on level 10 of the Dungeon)
Scrolls
 e - 3 scrolls of enchant armour
 g - 4 scrolls of teleportation
 k - a scroll of fear
 y - a scroll of magic mapping
 C - a scroll of summoning
 G - a scroll of fog
 H - a scroll of identify
 I - a scroll of immolation
Potions
 b - 3 potions of curing
 c - 2 potions of flight
 h - a potion of attraction
 i - 2 potions of magic
 q - 9 potions of ambrosia
 s - 2 potions of heal wounds
 u - 3 potions of mutation
 A - a potion of brilliance
 D - a potion of cancellation
 F - a potion of lignification


   Skills:
 + Level 9.8 Fighting
 - Level 1.7 Dodging
 - Level 1.7 Stealth
 * Level 12.8 Spellcasting
 - Level 3.0 Conjurations
 * Level 14.0 Air Magic


You had 32 spell levels left.
You knew the following spells:

 Your Spells              Type           Power      Damage    Failure   Level
a - Shock                 Conj/Air       100%       1d9       1%          1
c - Airstrike             Air            55%        N/A       1%          4

Your spell library contained the following spells:

 Spells                   Type           Power      Damage    Failure   Level
 Apportation              Tloc           44%        N/A       1%          1
 Corpse Rot               Necr/Air       100%       N/A       1%          2
 Poisonous Vapours        Pois/Air       100%       N/A       1%          2
 Static Discharge         Conj/Air       89%        N/A       1%          2
 Swiftness                Air            100%       N/A       1%          3
 Conjure Flame            Conj/Fire      32%        6-21      3%          3
 Dazzling Flash           Conj/Hex       64%        N/A       3%          3
 Silence                  Hex/Air        41%        N/A       3%          5
 Frozen Ramparts          Ice            44%        1d6       5%          3
 Gell's Gravitas          Tloc           22%        N/A       5%          3
 Ignite Poison            Fire/Tmut/Pois 22%        N/A       5%          3
 Portal Projectile        Hex/Tloc       44%        N/A       5%          3
 Teleport Other           Tloc           22%        N/A       5%          3
 Sticky Flame             Conj/Fire      32%        2d5       10%         4
 Dispel Undead            Necr           22%        3d12      19%         4
 Ice Form                 Ice/Tmut       22%        N/A       19%         4
 Summon Ice Beast         Ice/Summ       22%        N/A       19%         4
 Fireball                 Conj/Fire      16%        3d8       28%         5
 Agony                    Necr           22%        N/A       45%         5
 Alistair's Intoxication  Tmut/Pois      14%        N/A       45%         5
 Blade Hands              Tmut           11%        N/A       45%         5
 Excruciating Wounds      Necr           11%        N/A       45%         5
 Summon Forest            Summ/Tloc      11%        N/A       45%         5
 Starburst                Conj/Fire      16%        6d6       83%         6
 Death Channel            Necr           11%        N/A       96%         6
 Dispersal                Tloc           11%        N/A       96%         6
 Eringya's Noxious Bog    Tmut/Pois      11%        N/A       96%         6
 Invisibility             Hex            11%        N/A       96%         6
 Summon Hydra             Summ           11%        N/A       100%        7
 Ignition                 Fire           11%        3d5       100%        8


Dungeon Overview and Level Annotations

Branches:
Dungeon (11/15)            Temple (0/1) D:6            Lair (5/6) D:11
 Shoals (0/4) Lair:2       Spider (0/4) Lair:3          Orc (0/2) D:11
  Slime: Lair:5-6

Shops:
D:1 *   D:4 (   D:10 !

Annotations:
Lair:2 2 transporters


Innate Abilities, Weirdness & Mutations

Your attributes grow dramatically as you level up.
You have an increased reservoir of magic. (+10% MP)
You shall have no god before yourself.


Message History

The air twists around and strikes the six-headed hydra!!
The komodo dragon hisses angrily.
The six-headed hydra bites you but does no damage.
The six-headed hydra bites you.
The six-headed hydra closely misses you.
The six-headed hydra bites you. x2; The six-headed hydra bites you!
* * * LOW HITPOINT WARNING * * *
Unknown command.
Aim: a six-headed hydra (moderately wounded, empty space bonus: 7/8)
You feel a surge of power!
The air twists around and strikes the six-headed hydra!!
The six-headed hydra bites you but does no damage.
The six-headed hydra bites you.
* * * LOW HITPOINT WARNING * * *
The six-headed hydra bites you.
* * * LOW HITPOINT WARNING * * *
The six-headed hydra bites you.
* * * LOW HITPOINT WARNING * * *
The six-headed hydra bites you but does no damage.
The six-headed hydra misses you.
Aim: a six-headed hydra (heavily wounded, empty space bonus: 7/8)
You feel a surge of power!
The air twists around and strikes the six-headed hydra!
The blink frog blinks!
The six-headed hydra bites you.
* * * LOW HITPOINT WARNING * * *
The six-headed hydra bites you but does no damage.
The six-headed hydra bites you!
* * * LOW HITPOINT WARNING * * *
The six-headed hydra bites you.
* * * LOW HITPOINT WARNING * * *
The six-headed hydra bites you!
* * * LOW HITPOINT WARNING * * *
The six-headed hydra bites you.
* * * LOW HITPOINT WARNING * * *
Unknown command.
Aim: a six-headed hydra (severely wounded, empty space bonus: 7/8)
You feel a surge of power!
The air twists around and strikes the six-headed hydra!
A blink frog comes into view.
The six-headed hydra bites you but does no damage.
The six-headed hydra bites you.
* * * LOW HITPOINT WARNING * * *
The six-headed hydra bites you.
* * * LOW HITPOINT WARNING * * *
The six-headed hydra bites you!
* * * LOW HITPOINT WARNING * * *
The six-headed hydra misses you. The six-headed hydra bites you.
* * * LOW HITPOINT WARNING * * *
The blink frog hits you!
You die...

....... ...................
....... ......#.#..........
....... .....##...).......
....... P.....##..........
.......#####P...##......(....
........##.#.................
.............................
......#..PP#..............#..
###.. #...##@D..P...PPP##..#.
#.....#####F..#.....P##....#
##.... #...##....##..รท###
#.... Pl..........##.#.#
#.... .....#....PP#.....
..... ...................
F..................
......P......#.#....
####.#.....


You could see a six-headed hydra, a komodo dragon and 2 blink frogs.

Vanquished Creatures
  4 entropy weavers (Lair:4)
  An ettin (D:10)
  A boulder beetle (D:10)
  A hydra (Lair:5)
  A two-headed ogre (D:10)
  3 ghost crabs (Lair:4)
  3 death yaks
  Urug (Lair:1)
  5 fire crabs (Lair:4)
  A deep elf pyromancer (D:8)
  2 ugly things (D:10)
  A manticore (D:10)
  2 oklob plants (D:11)
  A centaur zombie (D:11)
  2 black mambas
  8 cane toads
  A gargoyle (D:11)
  An apocalypse crab (Lair:4)
  3 komodo dragons
  A rime drake (Lair:5)
  A merfolk (Lair:2)
  4 polar bears
  Grinder (D:5)
  A troll (D:9)
  A queen bee (Lair:1)
  9 blink frogs
  A shadow (D:8)
  Sigmund (D:4)
  38 yaks
  3 wraiths
  4 wyverns
  A tarantella (Lair:3)
  3 basilisks
  3 acid dragons
  6 water moccasins
  An orc warrior (D:7)
  3 ice beasts
  2 ogres
  4 black bears
  14 wolves
  2 centaurs (D:9)
  A phantom (D:7)
  3 kobold brigands
  12 bullfrogs
  A scorpion (D:5)
  A wyvern skeleton (D:5)
  25 killer bees (Lair:1)
  10 wights
  6 howler monkeys
  An electric eel (D:9)
  Crazy Yiuf (D:6)
  3 hounds
  6 orc priests
  3 jellies
  A centaur skeleton (D:6)
  2 iguanas (D:5)
  Natasha (thrice) (D:2)
  11 orc wizards
  3 killer bee zombies
  A mummy (D:4)
  10 adders
  7 gnolls
  3 ufetubi
  2 worms
  4 dart slugs
  19 orcs
  5 ball pythons
  2 endoplasms
  2 giant cockroaches
  7 goblins
  8 hobgoblins
  6 jackals
  11 kobolds
  4 quokkas
  4 bats
  3 frilled lizards
  2 rats (D:3)
339 creatures vanquished.

Vanquished Creatures (collateral kills)
  A stone giant (D:10)
  A hydra (D:10)
  An orc priest (D:10)
3 creatures vanquished.

Vanquished Creatures (others)
  21 fungi
  54 plants
75 creatures vanquished.

Grand Total: 417 creatures vanquished

Notes
Turn   | Place    | Note
-------+----------+-------------------------------------------
     0 | D:1      | vurker the Demigod Air Elementalist began the quest for the
                  | Orb.
     0 | D:1      | Reached XP level 1. HP: 14/14 MP: 5/5
   100 | D:1      | Reached skill level 1 in Conjurations
   311 | D:1      | Found Xyoranam's Assorted Antiques.
   336 | D:1      | Reached XP level 2. HP: 22/22 MP: 4/7
   555 | D:1      | Reached skill level 3 in Air Magic
  1266 | D:2      | Noticed Natasha
  1283 | D:2      | Killed Natasha
  1284 | D:2      | Reached skill level 1 in Fighting
  1284 | D:2      | Reached XP level 3. HP: 12/28 MP: 0/9
  1450 | D:2      | Noticed Natasha
  1458 | D:2      | Killed Natasha
  1459 | D:2      | Reached XP level 4. HP: 31/35 MP: 1/10
  1522 | D:2      | Noticed Natasha
  1577 | D:2      | Killed Natasha
  2868 | D:3      | Reached XP level 5. HP: 40/40 MP: 8/12
  3203 | D:4      | Found Muuhaaka's Antique Weapon Shop.
  3351 | D:4      | Learned a level 4 spell: Airstrike
  3550 | D:4      | Noticed an ogre
  3553 | D:4      | Reached skill level 4 in Air Magic
  3561 | D:4      | Killed an ogre
  3770 | D:4      | Reached XP level 6. HP: 37/48 MP: 9/14
  4479 | D:4      | Noticed Sigmund
  4496 | D:4      | Killed Sigmund
  4556 | D:4      | Noticed Edmund
  4571 | D:4      | Noticed Edmund
  4571 | D:4      | Edmund changed into Edmund the bullfrog
  4574 | D:4      | Killed Edmund the bullfrog
  4575 | D:4      | Reached XP level 7. HP: 27/51 MP: 5/16
  4763 | D:5      | Entered Level 5 of the Dungeon
  4782 | D:5      | Reached skill level 5 in Air Magic
  5040 | D:5      | Noticed Grinder
  5046 | D:5      | Paralysed by Grinder for 4 turns
  5054 | D:5      | Paralysed by Grinder for 5 turns
  5064 | D:5      | Killed Grinder
  5251 | D:5      | Reached skill level 5 in Spellcasting
  5415 | D:5      | Reached skill level 6 in Air Magic
  5415 | D:5      | Reached XP level 8. HP: 66/66 MP: 14/19
  6941 | D:6      | Found a staircase to the Ecumenical Temple.
  7233 | D:6      | Found a runed translucent door.
  7234 | D:6      | Noticed Crazy Yiuf
  7239 | D:6      | Killed Crazy Yiuf
  7387 | D:7      | Reached skill level 7 in Air Magic
  8227 | D:7      | Reached XP level 9. HP: 72/72 MP: 0/22
  8771 | D:8      | Reached skill level 5 in Fighting
  9151 | D:8      | Noticed a deep elf pyromancer
  9154 | D:8      | Killed a deep elf pyromancer
  9155 | D:8      | Reached skill level 8 in Air Magic
 10457 | D:9      | Identified a scroll of acquirement
 10457 | D:9      | Acquired the +0 pair of gloves "Wedaergh" {rElec rC+ MP+9}
 10860 | D:9      | Reached XP level 10. HP: 83/83 MP: 24/26
 10943 | D:9      | Reached skill level 9 in Air Magic
 11476 | D:10     | Entered Level 10 of the Dungeon
 11899 | D:10     | Identified the ring "Kuucaawn" {rF+ Int+2 Dex+6}
 11906 | D:10     | Noticed a two-headed ogre
 11910 | D:10     | Killed a two-headed ogre
 12176 | D:10     | Noticed a cyan ugly thing
 12179 | D:10     | Noticed a five-headed hydra
 12181 | D:10     | Noticed a red ugly thing
 12192 | D:10     | Killed a five-headed hydra
 12193 | D:10     | Reached skill level 10 in Air Magic
 12217 | D:10     | Killed a cyan ugly thing
 12228 | D:10     | Killed a red ugly thing
 12383 | D:10     | Noticed an ettin
 12428 | D:10     | Killed an ettin
 12808 | D:10     | Found Ciutiqept's Distillery.
 12985 | D:10     | Noticed a boulder beetle
 13021 | D:10     | Noticed a stone giant
 13039 | D:10     | Killed a stone giant
 13040 | D:10     | Reached XP level 11. HP: 92/92 MP: 29/29
 13063 | D:10     | Killed a boulder beetle
 13586 | D:11     | Identified the +2 robe "Festriecem" {rCorr Stlth+}
 13721 | D:11     | Found a staircase to the Lair.
 13729 | D:11     | Reached skill level 10 in Spellcasting
 13729 | D:11     | Reached skill level 11 in Air Magic
 14336 | D:11     | Found a staircase to the Orcish Mines.
 14708 | Lair:1   | Entered Level 1 of the Lair of Beasts
 15217 | Lair:1   | Noticed Urug
 15397 | Lair:1   | Killed Urug
 16974 | Lair:2   | Reached skill level 12 in Air Magic
 17258 | Lair:2   | Found a transporter.
 17413 | Lair:2   | Reached XP level 12. HP: 101/102 MP: 27/31
 17630 | Lair:2   | Found a transporter.
 18513 | Lair:2   | Found a staircase to the Shoals.
 20045 | Lair:3   | Found a hole to the Spider Nest.
 20920 | Lair:4   | Reached skill level 13 in Air Magic
 21250 | Lair:4   | Found a runed translucent door.
 21799 | Lair:4   | Noticed an entropy weaver
 21805 | Lair:4   | Killed an entropy weaver
 23077 | Lair:4   | Noticed an entropy weaver
 23086 | Lair:4   | Killed an entropy weaver
 23087 | Lair:4   | Reached XP level 13. HP: 60/111 MP: 11/34
 23686 | Lair:4   | HP: 4/98 [spectral four-headed hydra[a ghost crab] (1)]
 24066 | Lair:4   | Noticed an entropy weaver
 24111 | Lair:4   | Killed an entropy weaver
 24398 | Lair:4   | Noticed an entropy weaver
 24407 | Lair:4   | Killed an entropy weaver
 25094 | Lair:5   | Reached skill level 14 in Air Magic
 25187 | Lair:5   | HP: 3/113 [six-headed hydra (5)]
 25187 | Lair:5   | Slain by a blink frog

Illustrated notes

Levels and vault maps discovered:
D:1:      saegor_arrival_simple_b, layout_basic,
          hellmonk_ecumenical_altar_arch_garden, serial_shops, shop,
          lemuel_flame_loot_1
D:2:      layout_loops_cross, grunt_ministairs_13, uniq_natasha
D:3:      layout_rooms, mainiacjoe_overflow_boulevard
D:4:      layout_cave_pools, kennysheep_mini, slow_altar_1, serial_shops, shop,
          chequers_serial_rivers_room_b, chequers_serial_rivers_micro_c,
          grunt_decor_junction, hangedman_decor_lopped, sigmund_edmund_badplayer
D:5:      layout_loops_ring, kennysheep_mini_moat, kennysheep_little_box,
          eino_small_chamber_without_monster, chequers_decorated_corner,
          uniq_grinder
D:6:      minmay_flawed_box, layout_gridville, bloody_makhleb,
          minmay_temple_entry_arrows, uniq_crazy_yiuf_cottage
D:7:      layout_basic, lemuel_crystal_altar, tso_oasis_becter, serial_glass,
          glass_columns_a, glass_columns_a, item_on_display_a,
          due_unseen_surprise, feat_on_display, kennysheep_generic_room_16
D:8:      layout_loops_ring
D:9:      layout_irregular_city, riverfiend_overflow_shadow_ancestor,
          lemuel_tele_altar, serial_bayou_lagoon_b
D:10:     minmay_sliced_demisemicircle, layout_basic,
          mainiacjoe_overflow_catwalk, serial_shops, nicolae_square_shop
D:11:     layout_irregular_city, dpeg_oklobed_lair, orc_0_dummy
Lair:1:   layout_layer_cave, special_room [special_room_bee],
          cheibrodos_lair_lostbears, uniq_urug
Lair:2:   gammafunk_worm_tunnel, layout_regular_city, elwin_shoals_entry_rooms,
          gauntlet_entry_generic, nicolae_quartered_pool_medium,
          serial_bayou_shore_b, grunt_megastairs_2
Lair:3:   layout_chaotic_city, spider_nest_entry_rubble, enter_volcano_1,
          grunt_megastairs_1
Lair:4:   gammafunk_mikee_crab_dinner, layout_gridlike, basic_altar,
          lemuel_fruit_tree, infiniplex_staircase_pool
Lair:5:   layout_small_grid, forest_entry_grove

Skill      XL: |  1  2  3  4  5  6  7  8  9 10 11 12 13 |
---------------+----------------------------------------+-----
Conjurations   | 1 2 3 |  3.0
Spellcasting   | 2 3 4 5 6 8 9 11 12 | 12.8
Air Magic      | 3 4 6 7 8 10 12 13 14 | 14.0
Fighting       | 1 2 3 4 5 7 8 9 |  9.8
Dodging        | |  1.7
Stealth        | |  1.7

Action                   |  1- 3 |  4- 6 |  7- 9 | 10-12 | 13-15 || total
-------------------------+-------+-------+-------+-------+-------++-------
Melee: Unarmed           |     7 |       |       |       |       ||     7
       Staff             |       |       |       |    15 |       ||    15
 Cast: Shock             |    70 |   186 |    87 |    22 |     1 ||   366
       Airstrike         |       |       |   121 |   436 |    83 ||   640
Evoke: Wand              |       |     2 |       |    16 |     1 ||    19
  Use: Potion            |       |     2 |       |     1 |       ||     3
       Scroll            |       |       |    15 |     6 |       ||    21
Armor: Robe              |     3 |    13 |     5 |    18 |    25 ||    64
       Skin              |       |     3 |       |       |       ||     3
Dodge: Dodged            |    12 |    52 |    18 |    58 |    21 ||   161
Block: Other             |       |       |     2 |    21 |       ||    23
       Reflection        |       |       |     1 |     5 |       ||     6

Table legend: (Time is in decaauts)
 A = Elapsed time spent in this place.
 B = Non-inter-level travel time spent in this place.
 C = Inter-level travel time spent in this place.
 D = Time resting spent in this place.
 E = Time spent auto-exploring this place.
 F = Levels seen in this place.
 G = Mean time per level.
                   A        B        C        D        E       F      G
               +--------+--------+--------+--------+--------+-----+--------+
         Total |  25246 |  24614 |    632 |   1767 |  19990 |  16 | 1577.9 |
       Dungeon |  15017 |  14651 |    366 |   1039 |  11889 |  11 | 1365.2 |
          Lair |  10229 |   9963 |    266 |    728 |   8101 |   5 | 2045.8 |
               +--------+--------+--------+--------+--------+-----+--------+

Top non-repeatable levels by time:
  Lair:4: 4333 daAuts
  Lair:1: 2099 daAuts
  Lair:2: 1930 daAuts
    D:10: 1767 daAuts
     D:2: 1656 daAuts
  Lair:3: 1598 daAuts
    D:11: 1515 daAuts
     D:7: 1456 daAuts
     D:9: 1402 daAuts
     D:6: 1402 daAuts
     D:4: 1401 daAuts
     D:5: 1388 daAuts
     D:8: 1307 daAuts
     D:1: 1005 daAuts
     D:3: 712 daAuts
